 Dungeon Crawl Stone Soup version 0.32-a0-859-gb0a091d592 (webtiles) character file.

Game seed: 15043722373543155788

137 IEatYoBabies the Changeling (level 5, -2/34 HPs)
             Began as an Octopode Shapeshifter on Mar 27, 2024.
             Slain by an orc
             ... wielding a +0 short sword
              (3 damage)
             ... on level 3 of the Dungeon.
             The game lasted 00:05:26 (1611 turns).

IEatYoBabies the Changeling (Octopode Shapeshifter) Turns: 1611, Time: 00:05:26

Health: -2/34      AC:  1    Str: 15    XL:     5   Next: 20%
Magic:  5/5        EV: 12    Int: 12    God:
Gold:   136        SH:  0    Dex: 12    Spells: 4/4 levels left

rFire   . . .        g - +0 short sword
rCold   . . .        (no shield)
rNeg    . . .        (helmet currently unavailable)
rPois   .            (no amulet)
rElec   .            j - ring of willpower
rCorr   .            (no ring)
SInv    .            (no ring)
Will    +....        (no ring)
Stlth   +++          (no ring)
HPRegen 0.25/turn    (no ring)
MPRegen 0.09/turn    (no ring)
                     (no ring)

%: no passive effects
@: beast-form
A: beast (slay +2), almost no armour, amphibious, 8 rings, camouflage 1,
gelatinous body 1, (nimble swimmer 1), tentacles
a: Begin Untransformation


You were on level 3 of the Dungeon.
You were a hulking beast.
You visited 1 branch of the dungeon, and saw 3 of its levels.

You collected 136 gold pieces.

Inventory:

Hand Weapons
 d - a +0 club
 g - a +0 short sword (weapon)
Jewellery
 j - a ring of willpower (left tentacle)
Talismans
 b - a beast talisman (active)
 c - a flux talisman
Scrolls
 e - a scroll of blinking {unknown}
 f - 3 scrolls of enchant armour {unknown}
 h - a scroll of revelation {unknown}
 m - a scroll of identify {unknown}
Potions
 a - 2 potions of lignification
 i - a potion of haste {unknown}
 k - a potion of curing {unknown}
 l - a potion of heal wounds {unknown}


   Skills:
 * Level 1.9 Fighting
 + Level 0.9 Short Blades
 + Level 0.2 Maces & Flails
 + Level 0.3 Throwing
 * Level 2.5 Dodging
 * Level 2.5 Stealth
 + Level 3.5 Unarmed Combat
 * Level 3.8 Shapeshifting


You had 4 spell levels left.
You didn't know any spells.
Your spell library contained the following spells:

 Spells                   Type           Power      Damage    Failure   Level
 Shock                    Conj/Air       0%         1d3       32%         1
 Swiftness                Air            0%         N/A       69%         3
 Airstrike                Air            0%         2d(0-16)  97%         4


Dungeon Overview and Level Annotations

Branches:
Dungeon (3/15)

Altars:


Innate Abilities, Weirdness & Mutations

You are a hulking beast.
Your limbs bulge with bestial killing power. (Slay +2)
You cannot wear most types of armour.
You are amphibious.
You can wear up to eight rings at the same time.
Your skin changes colour to match your surroundings (Stealth+).
Your rubbery body absorbs attacks. (AC +1, EV +1)
((You are camouflaged when in or above water. (Stealth+)))
You have tentacles for arms and can constrict up to eight enemies at once.


Message History

You barely miss the orc wizard. Your grab misses the orc wizard.
Your squeeze misses the orc wizard.
The orc wizard is moderately wounded.
The orc wizard hits you with a +0 dagger.
You closely miss the orc wizard. You grab the orc wizard.
The orc wizard is moderately wounded.
You constrict the orc wizard. The orc hits you with a +0 short sword.
Something hits you but does no damage.
The orc wizard points at you and mumbles some strange words.
The magic dart hits you.
You hit the orc wizard. You squeeze the orc wizard.
The orc wizard is almost dead.
You constrict the orc wizard.
You kill the orc wizard!
The orc barely misses you.
You hear some strange, mumbled words.
A magic dart appears from out of thin air!
The magic dart hits you!
You have reached level 5!
You feel agile.
You hit something but do no damage. Something hits you.
The orc hits you with a +0 short sword.
* * * LOW HITPOINT WARNING * * *
You hit something. The orc hits you with a +0 short sword.
* * * LOW HITPOINT WARNING * * *
Something hits you.
* * * LOW HITPOINT WARNING * * *
Unknown command.
You hit something. Your squeeze misses something. The orc closely misses you.
Something hits you.
* * * LOW HITPOINT WARNING * * *
Unknown command.
Unknown command.
You hit something. The orc misses you. Something hits you.
* * * LOW HITPOINT WARNING * * *
Unknown command.
Unknown command.
You closely miss something. Your squeeze misses something.
The orc hits you with a +0 short sword.
You die...

#. #. #. #. #.
######.######...
.......)<)....#
#####)h####....
#{o# # .....
#.....##
###.......#
#<........#
#[........#
#!.##...#.# #..#
##.


You could see an orc.

Vanquished Creatures
  An orc wizard (D:3)
  4 gnolls (D:3)
  An adder (D:2)
  A dart slug (D:1)
  2 ribbon worms (D:2)
  4 orcs
  3 bats (D:1)
  4 endoplasms
  5 giant cockroaches
  6 goblins
  4 hobgoblins
  2 jackals (D:2)
  4 kobolds
  2 quokkas (D:1)
  3 ball pythons (D:2)
  3 frilled lizards
  4 rats
53 creatures vanquished.

Notes
Turn   | Place    | Note
-------+----------+-------------------------------------------
     0 | D:1      | IEatYoBabies the Octopode Shapeshifter began the quest for
                  | the Orb.
     0 | D:1      | Reached XP level 1. HP: 13/13 MP: 1/1
   132 | D:1      | Reached XP level 2. HP: 18/18 MP: 2/2
   589 | D:1      | Reached XP level 3. HP: 23/23 MP: 3/3
   851 | D:2      | Reached skill level 1 in Stealth
  1119 | D:2      | Reached XP level 4. HP: 22/28 MP: 4/4
  1607 | D:3      | Reached XP level 5. HP: 13/34 MP: 5/5
  1610 | D:3      | HP: 1/34 [something (1)]
  1611 | D:3      | Slain by an orc

Illustrated notes

Levels and vault maps discovered:
D:1:      dpeg_arrival_round_c, layout_loops_ring
D:2:      layout_rooms
D:3:      layout_loops_ring

Skill      XL: |  1  2  3  4 |
---------------+-------------+-----
Stealth        | 1 2 |  2.5
Fighting       | |  1.9
Short Blades   | |  0.9
Maces & Flails | |  0.2
Throwing       | |  0.3
Dodging        | |  2.5
Unarmed Combat | |  3.5
Shapeshifting  | |  3.8

Action                     |  1- 3 |  4- 6 || total
---------------------------+-------+-------++-------
  Melee: Club              |    14 |       ||    14
         Constrict         |    23 |    11 ||    34
         Tentacles         |    12 |    10 ||    22
         Short sword       |    47 |    34 ||    81
  Throw: Stone             |    11 |       ||    11
   Stab: Sleeping          |     2 |     1 ||     3
         Distracted        |     1 |       ||     1
 Armour: Skin              |    23 |    27 ||    50
  Dodge: Dodged            |    26 |    32 ||    58

Table legend: (Time is in decaauts)
 A = Elapsed time spent in this place.
 B = Non-inter-level travel time spent in this place.
 C = Inter-level travel time spent in this place.
 D = Time resting spent in this place.
 E = Time spent auto-exploring this place.
 F = Levels seen in this place.
 G = Mean time per level.
                   A        B        C        D        E       F      G
               +--------+--------+--------+--------+--------+-----+--------+
         Total |   1618 |   1491 |    127 |    239 |    925 |   3 |  539.3 |
       Dungeon |   1618 |   1491 |    127 |    239 |    925 |   3 |  539.3 |
               +--------+--------+--------+--------+--------+-----+--------+

Top non-repeatable levels by time:
     D:1: 860 daAuts
     D:2: 690 daAuts
     D:3: 67 daAuts
